 Dungeon Crawl Stone Soup version 0.31-a0-1029-ge8c24b2130 (webtiles) character file.

Game seed: 1071116084697556066

3719 naelc the Grappler (level 9, -5/89 HPs)
             Began as a Troll Fighter on Nov 18, 2023.
             Was a Believer of Cheibriados.
             Slain by a very large slime creature (35 damage)
             ... on level 8 of the Dungeon.
             The game lasted 00:16:35 (7248 turns).

naelc the Grappler (Troll Fighter)                  Turns: 7248, Time: 00:16:36

Health: -5/89      AC:  7    Str: 35    XL:     9   Next: 92%
Magic:  8/8        EV: 10    Int:  9    God:    Cheibriados [**....]
Gold:   369        SH:  9    Dex: 14    Spells: 8/8 levels left

rFire   . .          .
                       - Unarmed
rCold   . . .        b - +0 kite shield
rNeg    . . .        I - +0 steam dragon scales
rPois   .            (helmet restricted)
rElec   .            (no cloak)
rCorr   .            (gloves unavailable)
SInv    .            (boots unavailable)
Will    +....        (no amulet)
Stlth   +            f - ring of willpower
HPRegen 1.14/turn    m - ring of flight
MPRegen 0.11/turn

%: no passive effects
@: flying, very slow
A: large, unfitting armour, claws 3, regeneration 1, shaggy fur 1, tough skin 1
a: Renounce Religion, Bend Time


You were on level 8 of the Dungeon.
You worshipped Cheibriados.
Cheibriados was pleased with you.
You visited 2 branches of the dungeon, and saw 9 of its levels.

You collected 489 gold pieces.
You spent 120 gold pieces at shops.

Inventory:

Hand Weapons
 a - the +10 war axe of Causality {venom, rPois Str+2 Int+3 Stlth+}
   (You found it on level 5 of the Dungeon)

   Str+2:     It affects your strength (+2).
   Int+3:     It affects your intelligence (+3).
   rPois:     It protects you from poison Stlth+: It makes you more stealthy.
Missiles
 v - 5 poisoned darts
 x - 2 throwing nets
Armour
 b - a +0 kite shield (worn)
 u - a +0 robe
 I - +0 steam dragon scales (worn)
Jewellery
 f - a ring of willpower (left claw)
 m - a ring of flight (right claw)
 A - a ring of poison resistance
Talismans
 i - a dragon-blood talisman
Wands
 r - a wand of paralysis (8)
 E - a wand of digging (4)
Scrolls
 g - 3 scrolls of silence {unknown}
 h - a scroll of fog {unknown}
 j - 4 scrolls of fear {unknown}
 n - 4 scrolls of teleportation {unknown}
 o - a scroll of revelation {unknown}
 q - 2 scrolls of blinking {unknown}
 s - 2 scrolls of poison {unknown}
 t - a scroll of vulnerability {unknown}
 y - a scroll of butterflies {unknown}
 B - a scroll of amnesia {unknown}
 C - a scroll of enchant weapon {unknown}
 D - a scroll of brand weapon {unknown}
 G - 2 scrolls of enchant armour
 J - a scroll of identify
Potions
 c - 3 potions of might
 d - 2 potions of attraction
 e - 2 potions of invisibility
 k - 3 potions of lignification
 l - 3 potions of curing
 p - 2 potions of degeneration
 w - 3 potions of brilliance
 z - 3 potions of heal wounds
 F - a potion of berserk rage
 H - a potion of cancellation {unknown}


   Skills:
 + Level 5.9 Fighting
 - Level 3.0 Armour
 - Level 4.0 Dodging
 - Level 4.0 Shields
 + Level 9.7 Unarmed Combat
 - Level 1.0 Invocations
 - Level 4.0 Evocations


You had 8 spell levels left.
You didn't know any spells.
Your spell library contained the following spells:

 Spells                   Type           Power      Damage    Failure   Level
 Sting                    Tmut/Pois      0%         1d3       56%         1
 Poisonous Vapours        Pois/Air       0%         N/A       71%         2
 Dazzling Flash           Conj/Hex       0%         N/A       91%         3
 Volatile Blastmotes      Fire/Tloc      0%         2d10      91%         3
 Olgreb's Toxic Radiance  Pois           0%         N/A       100%        4
 Starburst                Conj/Fire      0%         6d3       100%        6
 Maxwell's Capacitive Co  Air            0%         ∞         100%        8


Dungeon Overview and Level Annotations

Branches:
Dungeon (8/15)             Temple (1/1) D:5
   Lair: D:8-11

Altars:
Ashenzari
Cheibriados
Dithmenos
Elyvilon
Fedhas
Gozag
Hepliaklqana
Kikubaaqudgha
Nemelex Xobeh
Qazlal
Trog
Vehumet
Wu Jian
Yredelemnul
Zin
The Shining One

Shops:
D:1 ?   D:7 ?:

Annotations:
D:7 3 runed translucent doors, graki42's ghost, novice GrFi


Innate Abilities, Weirdness & Mutations

You are too large for most types of armour.
You have claws for hands.
Your natural rate of healing is unusually fast.
You are covered in fur. (AC +1)
You have tough skin. (AC +1)


Message History

The howler monkey barely misses you.
You claw the howler monkey!
You kill the howler monkey!
Cheibriados appreciates the change of pace.
You claw the orc!
You kill the orc!
Cheibriados appreciates the change of pace.
A slime creature comes into view. x2
There are monsters nearby!
A slime creature comes into view.
Two slime creatures merge to form a large slime creature.
The slime creature quivers.
You scratch the large slime creature but do no damage.
You scratch the large slime creature.
The large slime creature is lightly wounded.
You claw the large slime creature!
The large slime creature is lightly wounded.
The large slime creature hits you!!
A slime creature comes into view.
The slime creature quivers.
You completely miss the large slime creature.
The large slime creature is lightly wounded.
You block the large slime creature's attack.
A slime creature comes into view.
The slime creature quivers.
You claw the large slime creature!
The large slime creature is moderately wounded.
You claw the large slime creature!
The large slime creature is moderately wounded.
The large slime creature hits you!!!
Two slime creatures merge to form a very large slime creature.
The jelly quivers.
You claw the very large slime creature!
The very large slime creature is moderately wounded.
You mangle the very large slime creature!!
The very large slime creature is heavily wounded.
You scratch the very large slime creature.
The very large slime creature is heavily wounded.
The very large slime creature hits you!!
You die...

....... .....
.......# ##.#....
........###....... .
. ..... ......... ..
....#.)##........
... #............#
....
#....##......##J....
#...
#....##...J.......
##.
#....@J.J...z......
#
#....##<..##.......
###.########......
#####.#..#...... .
#......#...# ...
##...zJz....##...#
##.....zz.........#
#....<##.z.....#
##...###.#......#


You could see a very large slime creature, 2 slime creatures, a jelly and a
wight.

Vanquished Creatures
  The ghost of Vorhees the Skirmisher, a novice HuHu of Okawaru (D:6)
  Grinder (D:4)
  A slime creature (D:7)
  Eustachio (D:4)
  A wyvern (D:7)
  A steam dragon (D:7)
  A water moccasin (D:7)
  2 sky beasts (D:7)
  An ice beast (D:7)
  2 ogres
  A centaur (D:5)
  2 phantoms
  2 bullfrogs (D:7)
  2 scorpions
  7 wights (D:7)
  3 howler monkeys
  A gnoll bouda (D:5)
  6 hounds
  4 orc priests
  3 sleepcaps
  5 iguanas
  5 orc wizards
  Terence (D:2)
  7 gnolls (D:5)
  8 adders
  A white imp (D:7)
  A worm (D:3)
  2 dart slugs
  18 orcs
  7 ball pythons
  7 endoplasms
  4 giant cockroaches
  7 goblins
  7 hobgoblins
  8 jackals
  5 quokkas
  7 bats
  4 frilled lizards
  10 kobolds
  6 rats
163 creatures vanquished.

Notes
Turn   | Place    | Note
-------+----------+-------------------------------------------
     0 | D:1      | naelc the Troll Fighter began the quest for the Orb.
     0 | D:1      | Reached XP level 1. HP: 22/22 MP: 0/0
    69 | D:1      | Found a faded altar of an unknown god.
    81 | D:1      | Reached XP level 2. HP: 22/29 MP: 1/1
   121 | D:1      | Reached skill level 3 in Unarmed Combat
   149 | D:1      | Found Lelapt's Magic Scroll Shop.
   827 | D:2      | Reached XP level 3. HP: 36/36 MP: 2/2
  1046 | D:2      | Reached skill level 4 in Unarmed Combat
  1100 | D:2      | Reached XP level 4. HP: 44/44 MP: 3/3
  1329 | D:2      | Noticed Terence
  1337 | D:2      | Killed Terence
  1796 | D:3      | Reached skill level 5 in Unarmed Combat
  2440 | D:4      | Reached XP level 5. HP: 50/50 MP: 4/4
  2519 | D:4      | Noticed Grinder
  2521 | D:4      | Paralysed by Grinder for 4 turns
  2540 | D:4      | Killed Grinder
  2541 | D:4      | Reached XP level 6. HP: 61/61 MP: 5/5
  2771 | D:4      | Reached XP level 7. HP: 63/68 MP: 6/6
  3261 | D:4      | Noticed Eustachio
  3293 | D:4      | Killed Eustachio
  3294 | D:4      | Reached skill level 6 in Unarmed Combat
  3488 | D:4      | Identified the +3 ring mail "Huug" {rF+ Will++ rCorr
                  | Stlth+}
  3787 | D:5      | Entered Level 5 of the Dungeon
  3801 | D:5      | Reached skill level 7 in Unarmed Combat
  3830 | D:5      | Found an ornate altar of the Wu Jian Council.
  3844 | D:5      | Found a staircase to the Ecumenical Temple.
  3850 | Temple   | Entered the Ecumenical Temple
  3875 | Temple   | Became a worshipper of Cheibriados the Contemplative
  3896 | D:5      | Identified the +10 war axe of Causality {venom, rPois Str+2
                  | Int+3 Stlth+}
  3911 | D:5      | Reached XP level 8. HP: 78/78 MP: 7/7
  4103 | D:5      | Reached skill level 1 in Armour
  4403 | D:5      | Reached * piety under Cheibriados
  4840 | D:6      | Found a runed translucent door.
  4840 | D:6      | Noticed Vorhees's ghost (novice HuHu)
  5537 | D:6      | Found an opulent altar of Gozag.
  5798 | D:7      | Reached skill level 5 in Fighting
  5807 | D:7      | Reached skill level 8 in Unarmed Combat
  5807 | D:7      | Reached skill level 1 in Invocations
  5807 | D:7      | Reached skill level 1 in Evocations
  5819 | D:7      | Reached XP level 9. HP: 9/78 MP: 1/8
  6113 | D:1      | Bought a scroll of enchant armour for 90 gold pieces
  6254 | D:6      | Killed Vorhees's ghost
  6255 | D:6      | Reached skill level 9 in Unarmed Combat
  6361 | D:7      | Found Yheshraz's Magic Scroll Emporium.
  6368 | D:7      | Bought a scroll of identify for 30 gold pieces
  6470 | D:7      | Found Veofoxa's Tremendous Tomes.
  6506 | D:7      | Reached ** piety under Cheibriados
  6762 | D:7      | Found a runed translucent gate.
  6762 | D:7      | Found a runed translucent gate.
  6762 | D:7      | Found a runed translucent gate.
  6762 | D:7      | Found an opulent altar of Gozag.
  6762 | D:7      | Noticed graki42's ghost (novice GrFi)
  6777 | D:7      | Noticed a green ugly thing
  7248 | D:8      | Slain by a very large slime creature

Illustrated notes

Levels and vault maps discovered:
D:1:      matt_arrival_grand_opening, layout_rooms, serial_shops,
          nicolae_shop_hallway_plus, shapermc_ecumenical_altar_notcrosses
D:2:      layout_basic, eino_tiny_chamber, uniq_terence
D:3:      layout_loops_corners, kennysheep_generic_room_3
D:4:      layout_loops_corners, minmay_puff, uniq_grinder, uniq_eustachio
D:5:      nicolae_BIG_FREAKIN_CUBE, layout_basic, nicolae_wu_jian_wuxing_cycle,
          grunt_decor_one_mirror
D:6:      layout_loops_ring, grunt_gozag_statues, gammafunk_ghost_grave,
          hangedman_decor_lopped
D:7:      layout_loops_ring, ebering_ghost_gozag, serial_shops,
          nicolae_shop_competitors_out_of_business, serial_bayou_pond_e,
          nicolae_shop_i_like_big_books, minmay_crossroads
D:8:      layout_cave_pools, dancing_weapons_uskayaw, nicolae_shop_vocational,
          uniq_erica
Temple:   nicolae_temple_bog_church

Skill      XL: |  1  2  3  4  5  6  7  8  9 |
---------------+----------------------------+-----
Unarmed Combat | 3 4 5 7 8 9 |  9.7
Shields        | 3 4 |  4.0
Fighting       | 3 4 5 |  5.9
Dodging        | 3 4 |  4.0
Armour         | 3 |  3.0
Invocations    | 1 |  1.0
Evocations     | 1 4 |  4.0

Action                     |  1- 3 |  4- 6 |  7- 9 || total
---------------------------+-------+-------+-------++-------
  Melee: Unarmed           |    97 |   138 |   248 ||   483
    Use: Scroll            |       |       |     8 ||     8
   Stab: Sleeping          |     1 |     1 |     1 ||     3
         Distracted        |       |     1 |       ||     1
 Armour: Robe              |    54 |    76 |   110 ||   240
         Steam dragon scal |       |       |    18 ||    18
  Dodge: Dodged            |    37 |    43 |    83 ||   163
  Block: Kite shield       |    51 |    44 |    89 ||   184
         Form:             |     1 |       |       ||     1
         Dragon            |     1 |       |       ||     1

Table legend: (Time is in decaauts)
 A = Elapsed time spent in this place.
 B = Non-inter-level travel time spent in this place.
 C = Inter-level travel time spent in this place.
 D = Time resting spent in this place.
 E = Time spent auto-exploring this place.
 F = Levels seen in this place.
 G = Mean time per level.
                   A        B        C        D        E       F      G
               +--------+--------+--------+--------+--------+-----+--------+
         Total |   8250 |   7459 |    791 |   1106 |   5170 |   9 |  916.7 |
       Dungeon |   8212 |   7456 |    756 |   1106 |   5170 |   8 | 1026.5 |
        Temple |     38 |      3 |     35 |      0 |      0 |   1 |   38.0 |
               +--------+--------+--------+--------+--------+-----+--------+

Top non-repeatable levels by time:
     D:7: 1461 daAuts
     D:4: 1414 daAuts
     D:6: 1366 daAuts
     D:5: 1329 daAuts
     D:3: 962 daAuts
     D:1: 824 daAuts
     D:2: 792 daAuts
     D:8: 62 daAuts
  Temple: 38 daAuts
